Map: Purity and Industry LE

Players

antagomiR - Winner!

  • Race: Protoss Protoss
  • League: Gold
  • Spawn Location: 12:00

Booster

  • Race: Zerg Zerg
  • Spawn Location: 3:00

VOD

Have the link to the VOD?

Description

Time

  • Played on: April 1, 2020, 4:46 p.m.
  • Length: 13:23
Show
View Real Time Build Order
Export as new Build Order

antagomiR Protoss - Winner!

Build Orders: Archon Immortal 

Get SALT Encoding   

  12  0:01  Probe  
  13  0:13  Probe  
  14  0:25  Probe, Pylon  
  15  0:43  Probe  
  15  0:49  Gateway  
  16  0:55  Probe  
  17  1:07  Probe  
  17  1:10  Assimilator  
  18  1:30  Probe  
  19  1:41  Cybernetics Core, Zealot (Chrono Boost)  
  19  1:42  Probe  
  22  1:54  Probe  
  22  1:59  Assimilator  
  23  2:13  Warp Gate (Chrono Boost), Nexus  
  23  2:14  Pylon  
  23  2:32  Probe, Stalker (Chrono Boost)  
  26  2:40  Pylon  
  26  2:44  Probe  
  26  2:45  Shield Battery  
  27  2:56  Probe  
  27  2:58  Sentry  
  30  3:08  Robotics Facility  
  30  3:11  Probe  
  31  3:23  Probe  
  31  3:25  Probe  
  33  3:35  Probe, Pylon  
  33  3:38  Probe  
  35  3:47  Twilight Council  
  35  3:52  Probe x2, Pylon  
  37  4:02  Assimilator  
  37  4:04  Probe  
  37  4:05  Observer  
  39  4:11  Probe  
  39  4:16  Probe  
  41  4:22  Pylon  
  41  4:23  Charge (Chrono Boost)  
  41  4:29  Forge  
  41  4:30  Immortal  
  45  4:33  Probe  
  46  4:52  Templar Archives  
  46  4:56  Pylon  
  46  4:59  Protoss Ground Weapons Level 1 (Chrono Boost)  
  46  5:01  Probe x2, Gateway  
  46  5:05  Gateway  
  48  5:12  Stalker  
  50  5:17  Probe x2  
  52  5:29  Probe x2  
  54  5:41  Probe x2  
  55  5:48  Stalker  
  57  5:53  Probe x2  
  57  5:55  Immortal  
  63  6:02  Assimilator  
  63  6:07  Psionic Storm  
  63  6:14  Gateway  
  63  6:25  Pylon  
  63  6:30  Photon Cannon  
  63  6:36  Photon Cannon  
  63  6:44  Photon Cannon  
  63  6:49  Probe x2  
  65  7:01  Probe  
  65  7:09  Stalker x3  
  65  7:13  Immortal  
  75  7:22  Sentry  
  77  7:30  Protoss Ground Weapons Level 2 (Chrono Boost), Pylon  
  77  7:41  Gateway  
  77  7:51  Gateway  
  77  7:52  Probe x2  
  77  7:53  Immortal  
  77  7:54  Gateway  
  77  7:55  Gateway  
  81  8:32  Immortal  
  81  8:33  Zealot x3  
  81  8:34  Zealot  
  93  8:37  Nexus  
  93  8:39  Pylon  
  93  8:42  Pylon  
  93  8:44  Probe  
  94  8:57  Gateway  
  94  9:00  Gateway  
  94  9:03  Gateway  
  94  9:04  Sentry  
  94  9:05  High Templar x5  
  106  9:12  Shield Battery  
  106  9:14  Photon Cannon  
  106  9:17  Photon Cannon  
  106  9:20  Photon Cannon  
  106  9:22  Assimilator  
  106  9:24  Observer  
  106  9:25  Probe x2  
  106  9:26  Assimilator  
  106  9:29  Pylon, Sentry  
  110  9:32  Archon x2  
  110  9:46  Probe x2  
  96  9:58  Zealot x5  
  96  10:06  Probe x3  
  99  10:18  Probe x3  
  99  10:19  Protoss Ground Weapons Level 3 (Chrono Boost)  
  102  10:29  Pylon  
  102  10:30  Probe  
  103  10:41  Observer  
  104  10:45  Probe x2  
  104  10:46  Probe  
  107  10:50  High Templar x5  
  107  10:51  High Templar  
  107  10:54  Archon x3  
  119  11:29  Zealot x2  
  119  11:30  Zealot x4  
  130  11:44  Zealot  
  130  11:45  Zealot x4  
  121  12:12  High Templar x3  
  121  12:13  High Templar x4  
  135  12:40  Pylon  
  135  12:45  Zealot x3  
Show
View Real Time Build Order
Export as new Build Order

Booster Zerg 

Build Orders: Pool First 

Get SALT Encoding   

  12  0:06  Drone  
  13  0:08  Drone  
  14  0:23  Overlord  
  14  0:35  Spawning Pool  
  13  0:50  Drone x3  
  16  0:58  Evolution Chamber  
  16  1:00  Extractor  
  15  1:13  Drone  
  16  1:35  Spine Crawler  
  16  1:36  Queen  
  16  1:38  Drone x3  
  20  2:04  Overlord  
  20  2:05  Overlord  
  20  2:26  Hatchery  
  19  2:38  Drone x3  
  22  2:46  Queen  
  24  3:16  Roach Warren  
  24  3:48  Drone  
  24  3:51  Drone  
  24  3:52  Drone x4  
  29  4:09  Roach  
  31  4:10  Roach x3  
  37  4:36  Ravager  
  38  4:44  Drone x3  
  41  4:47  Drone  
  41  4:48  Drone x2  
  41  4:51  Extractor  
  43  5:03  Evolution Chamber  
  42  5:16  Ravager  
  43  5:53  Zergling x2  
  44  5:58  Overlord x4  
  44  6:33  Zergling x28  
  44  6:34  Zergling x2  
  44  6:39  Ravager x2  
  58  7:29  Zerg Melee Weapons Level 1  
  58  7:30  Metabolic Boost  
  58  7:36  Zergling x10  
  58  7:37  Zergling x2  
  64  7:59  Zergling x2  
  64  8:00  Zergling x6  
  68  8:11  Hatchery  
  67  8:22  Roach x5  
  67  8:23  Roach x2  
  72  8:30  Overlord x2  
  72  8:31  Overlord  
  72  8:47  Evolution Chamber x2  
  70  8:51  Baneling Nest  
  69  9:13  Ravager x2  
  69  9:14  Ravager x2  
  73  9:22  Extractor  
  72  9:33  Ravager  
  30  10:05  Zergling x24  
  42  10:08  Zerg Ground Armor Level 1  
  42  10:28  Zergling x2  
  42  10:29  Zergling x10, Extractor  
  47  10:43  Drone  
  48  10:54  Lair  
  48  10:59  Baneling x3  
  48  11:00  Baneling x5  
  48  11:01  Baneling  
  48  11:06  Zergling x2  
  48  11:07  Zergling x20  
  59  11:14  Queen  
  30  12:11  Zergling x22  
  30  12:12  Zergling x8  
  45  12:59  Baneling  
  45  13:00  Baneling x17  
Tags
 
Composition
Archon Immortal
League
Gold
Matchup
PvZ
Opening
Pool First
Replay Pack
20200422
Spawn Locations
Close Positions
Add a new tag
Caveats
  • Supply blocks, unpowered buildings, or Contaminate may cause inaccurate times.
  • Supply counts are checked every 10 seconds.